 Dungeon Crawl Stone Soup version 0.25-a0-731-g0472a16d6a (webtiles) character file.

Game seed: 15339226017528788904, levelgen mode: deterministic

555630 15rune the Axe Maniac (level 26, -11/246 HPs)
             Began as a Hill Orc Berserker on Apr 8, 2020.
             Was a High Priest of the Shining One.
             Mangled by a stone giant (43 damage)
             ... created by the rage of Trog
             ... on level 2 of the Crypt on Apr 9, 2020.
             The game lasted 02:49:23 (55265 turns).

15rune the Axe Maniac (Hill Orc Berserker)         Turns: 55265, Time: 02:49:24

Health: -11/246    AC: 52    Str: 35    XL:     26   Next: 46%
Magic:  25/25      EV: 11    Int:  7    God:    the Shining One [*****.]
Gold:   1848       SH:  0    Dex: 12    Spells: 10/25 levels left

rFire    . . .     SeeInvis +   X - +8 executioner's axe (flame)
rCold    . . .     Gourm    .   (shield currently unavailable)
rNeg     + + .     Faith    .   I - +11 plate armour of Vyujolag {rPois rF+ Str-3}
rPois    +         Spirit   .   e - +2 helmet of the Cartwright {Regen+ Str+3}
rElec    +         Reflect  .   U - +2 cloak
rCorr    .         Harm     .   O - +2 pair of gloves of Poor Excuses {rF- MR+ Str+3 Dex+4}
MR       ++...     Rnd*Rage +   w - +2 pair of boots {Fly}
Stlth    ..........             t - amulet of regeneration
HPRegen  1.31/turn              N - ring of see invisible
MPRegen  0.19/turn              d - +5 ring of protection

@: afraid, flying, very slightly contaminated, glowing
A: berserk 1, clumsy 1, low mp 1, electricity resistance, evolution 1
}: 3/15 runes: barnacled, abyssal, gossamer
a: Divine Shield, Cleansing Flame, Summon Divine Warrior, Renounce Religion,
Stop Flying


You were on level 2 of the Crypt.
You worshipped the Shining One.
The Shining One was extremely pleased with you.
You were not hungry.

You visited 10 branches of the dungeon, and saw 41 of its levels.
You visited the Abyss 7 times.
You also visited: Ossuary, Gauntlet and Ice Cave.

You collected 14961 gold pieces.
You spent 4503 gold pieces at shops.
You paid 8610 gold pieces to Gozag.

Inventory:

Hand Weapons
 n - the +2 Maxwell's thermic engine {flame, freeze}
   (You found it on level 4 of the Shoals)

   It has been specially enchanted to burn those struck by it, causing extra
   injury to most foes and up to half again as much damage against particularly
   susceptible opponents.
   Big, fiery blades are also staple armaments of hydra-hunters.
   It has been specially enchanted to freeze those struck by it, causing extra
   injury to most foes and up to half again as much damage against particularly
   susceptible opponents.
 X - a +8 executioner's axe of flaming (weapon)
Armour
 e - the +2 helmet of the Cartwright (worn) {Regen+ Str+3}
   (You bought it in a shop on level 10 of the Dungeon)

   It affects your strength (+3).
   It increases your rate of regeneration.
 w - a +2 pair of boots of flying (worn)
 I - the +11 plate armour of Vyujolag (worn) {rPois rF+ Str-3}
   (You bought it in a shop on level 2 of the Orcish Mines)

   It affects your strength (-3).
   It protects you from fire.
   It protects you from poison.
 O - the +2 pair of gloves of Poor Excuses (worn) {rF- MR+ Str+3 Dex+4}
   (You found it on level 14 of the Dungeon)

   It affects your strength (+3).
   It affects your dexterity (+4).
   It makes you vulnerable to fire.
   It affects your resistance to hostile enchantments.
 U - a +2 cloak (worn)
Jewellery
 d - a +5 ring of protection (right hand)
 i - an uncursed ring of protection from cold
 l - an uncursed ring of resist corrosion
 t - an amulet of regeneration (around neck)
 u - an uncursed ring of poison resistance
 K - an uncursed ring of protection from magic
 N - a ring of see invisible (left hand)
 P - an uncursed ring of stealth
Wands
 E - a wand of scattershot (5)
 M - a wand of acid (26)
 R - a wand of digging (17)
 V - a wand of disintegration (34)
Scrolls
 a - a scroll of brand weapon
 b - 6 scrolls of immolation
 m - 11 scrolls of teleportation
 p - a scroll of enchant weapon
 s - 7 scrolls of fog
 y - 16 scrolls of remove curse
 C - 3 scrolls of silence
 F - 3 scrolls of holy word
 G - 12 scrolls of enchant armour
 H - 2 scrolls of summoning
 S - 14 scrolls of identify
 T - 4 scrolls of fear
 W - a scroll of amnesia
 Y - 4 scrolls of magic mapping
Potions
 f - 8 potions of lignification
 g - 23 potions of curing
 j - a potion of stabbing
 k - 11 potions of might
 q - 7 potions of haste
 v - 6 potions of resistance
 x - 2 potions of invisibility
 A - 9 potions of ambrosia
 B - a potion of cancellation
 L - 2 potions of berserk rage
 Q - a potion of heal wounds
Miscellaneous
 h - 2 boxes of beasts
 o - a phial of floods
 r - the horn of Geryon
 z - a lightning rod (4/4)
 J - 5 phantom mirrors
 Z - 3 tins of tremorstones
Comestibles
 c - 31 rations


   Skills:
 - Level 22.0 Fighting
 + Level 20.2 Long Blades
 O Level 27 Axes
 - Level 22.0 Armour
 - Level 4.1 Dodging
 - Level 16.5 Necromancy
 - Level 6.3 Earth Magic
 * Level 6.9 Invocations
 - Level 5.0 Evocations


You had 10 spell levels left.
You knew the following spells:

 Your Spells              Type           Power        Failure   Level  Hunger
a - Borgnjor's Vile Clut  Necr/Erth      ###.......   36%         5    ######.
b - Death Channel         Necr           ###.......   26%         6    #######
c - Dispel Undead         Necr           ###.....     1%          4    #####..

Your spell library contained the following spells:

 Spells                   Type           Power        Failure   Level  Hunger
 Animate Skeleton         Necr           N/A          1%          1    ##.....
 Pain                     Necr           ###.         1%          1    ##.....
 Sublimation of Blood     Necr           ###.......   1%          2    ###....
 Vampiric Draining        Necr           ###.......   1%          3    ####...
 Animate Dead             Necr           N/A          1%          4    #####..
 Agony                    Necr           ###.....     4%          5    ######.
 Corpse Rot               Necr/Air       N/A          8%          2    ###....
 Excruciating Wounds      Chrm/Necr      ##........   80%         5    ######.
 Foxfire                  Conj/Fire      #...         82%         1    ##.....
 Freeze                   Ice            #...         82%         1    ##.....
 Sting                    Tmut/Pois      #...         82%         1    ##.....
 Poisonous Vapours        Pois/Air       #.....       91%         2    ###....
 Frozen Ramparts          Ice            #.....       99%         3    ####...
 Ignite Poison            Fire/Tmut/Pois #.......     99%         3    ####...
 Mephitic Cloud           Conj/Pois/Air  #.......     99%         3    ####...
 Ozocubu's Armour         Chrm/Ice       #.......     99%         3    ####...
 Recall                   Summ/Tloc      N/A          99%         3    ####...
 Cause Fear               Hex            #.........   100%        4    #####..
 Hailstorm                Conj/Ice       #.......     100%        4    #####..
 Olgreb's Toxic Radiance  Pois           #.......     100%        4    #####..
 Summon Ice Beast         Ice/Summ       #.......     100%        4    #####..
 Simulacrum               Ice/Necr       ##........   100%        6    #######
 Dragon Form              Tmut           #.........   100%        7    #######
 Haunt                    Necr/Summ      ##........   100%        7    #######
 Borgnjor's Revivificati  Necr           ###.......   100%        8    #######
 Death's Door             Chrm/Necr      ##........   100%        8    #######
 Infestation              Necr           ###.......   100%        8    #######
 Necromutation            Tmut/Necr      ##........   100%        8    #######
 Dragon's Call            Summ           #.........   100%        9    #######


Dungeon Overview and Level Annotations

Branches:
Dungeon (15/15)            Temple (1/1) D:7            Lair (6/6) D:10
 Shoals (4/4) Lair:2       Spider (4/4) Lair:2        Slime (0/5) Lair:5
    Orc (2/2) D:9             Elf (0/3) Orc:2        Vaults (4/5) D:14
  Crypt (2/3) Vaults:3     Depths (2/5) D:15           Hell (visited)
    Dis (0/7) Hell            Geh (0/7) Hell            Coc (0/7) Hell
    Tar (0/7) Hell        Ossuary (visited)           IceCv (visited)
Gauntlet (visited)

Altars:
Ashenzari
Cheibriados
Dithmenos
Elyvilon
Fedhas
Gozag
Kikubaaqudgha
Makhleb
Nemelex Xobeh
Okawaru
Qazlal
Ru
Sif Muna
Trog
Uskayaw
Vehumet
Wu Jian
Xom
Yredelemnul
Zin
The Shining One
Beogh
Jiyva

Shops:
D:6 *   D:10 *   Orc:1 (   Orc:2 [(%[   Shoals:1 :   Shoals:2 }[***
Vaults:3 **(   Vaults:4 :   Depths:1 ![   Depths:2 *!*!

Portals:
Hell: Depths:1 Depths:2
Abyss: Depths:2
Pandemonium: Depths:2

Annotations:
Lair:4 exclusion: 4 oklob plants


Innate Abilities, Weirdness & Mutations

You tend to lose your temper in combat.
You are clumsy. (Dex -2)
Your magical capacity is low. (-10% MP)
You are resistant to electric shocks. (rElec)
You evolve.


Message History

As you read the scroll of fear, it crumbles to dust.
You assume a fearsome visage.
The cyclops looks frightened!
The eidolon is unaffected.
You recover from your berserk rage.
The stone giant hits you but does no damage.
The cyclops almost stumbles in trying to escape.
The stone giant hits you but does no damage.
Unknown command.
Unknown command.
You feel much better.
The stone giant hits you but does no damage.
The cyclops mutters, "Of all the rotten luck!"
The stone giant misses you.
You feel much better. The stone giant hits you!!
Gozag petitions for your drink to fail. The stone giant hits you!!!
* * * LOW HITPOINT WARNING * * *
The stone giant rages.
The stone giant hits you!!!
You die...

#.....# #......# #.....#
#......# #.....# #......#
######.....# #......#
.....^.....# #......####
####......# #..........
#......# #..........
#......##########....######
#....ZhWCC@..........#
#######.....########.......#
...Z........# #.......#
#######'###.# #..)....######
#...).....#.# #.............
#.....h...#.# #..######...(.
#......C..+. #..# #....#
#........<#. #..# #....#
#.........# #. #....'


You could see 2 stone giants, an eidolon, a polar bear (berserk) and a gnoll
zombie.

Vanquished Creatures
  Mara (Vaults:4)
  Bai Suzhen (Spider:4)
  Sojobo (Depths:1)
  Margery (Crypt:1)
  Xtahua (Vaults:2)
  Geryon (Hell)
  A profane servitor (Abyss:1)
  A golden dragon (Depths:2)
  Nikola (Shoals:1)
  7 bone dragons
  3 hellephants
  7 liches
  An iron giant (Depths:2)
  A tentacled monstrosity (Vaults:4)
  Asterion (Spider:4)
  Murray (Hell)
  The ghost of Wemuhud the Fencer, an adept DsGl of Yredelemnul (Depths:2)
  4 ancient champions
  Polyphemus (Shoals:3)
  14 tentacled starspawn
  4 sphinxes
  8 tengu reavers
  Kirke (Spider:3)
  3 shadow dragons
  A storm dragon (shapeshifter) (D:12)
  A draconian monk (Abyss:4)
  3 revenants
  3 storm dragons
  12 vault wardens
  2 fire giants
  5 frost giants
  A draconian knight (Abyss:4)
  6 ghost moths (Spider:4)
  An orc warlord (Orc:2)
  A deep elf sorcerer (Vaults:4)
  A cacodemon (Abyss:3)
  5 emperor scorpions
  7 ghouls
  A balrug (Depths:2)
  13 ironheart preservers
  2 draconian shifters
  2 curse skulls (Crypt:2)
  A juggernaut zombie (Crypt:1)
  11 very ugly things
  4 angels
  2 war gargoyles
  An ophan (Abyss:3)
  6 reapers
  8 entropy weavers
  3 vampire knights
  26 stone giants
  A deep elf demonologist (Vaults:4)
  A purple draconian (Abyss:1)
  A lorocyproca (Abyss:1)
  2 spark wasps (Spider:4)
  A red draconian (Abyss:2)
  A minotaur (Gauntlet)
  4 ettins
  6 blizzard demons
  9 merfolk javelineers
  Snorg (D:14)
  A quicksilver dragon zombie (Hell)
  A kraken zombie (Hell)
  A green death (Hell)
  2 eidola
  The ghost of Unitt the Geomancer, a journeyman GrEE of Sif Muna (D:13)
  A crystal guardian (Vaults:4)
  3 hell beasts
  A fire dragon (Lair:6)
  6 merfolk impalers
  Josephine (Shoals:1)
  3 great orbs of eyes
  A quicksilver dragon skeleton (Abyss:2)
  11 rakshasas
  11 jiangshi
  3 ice dragons
  5 vault guards
  9 yaktaur captains
  8 merfolk avatars
  A spriggan air mage (Depths:2)
  8 hydras
  2 catoblepae
  A naga warrior (Abyss:4)
  Erica (D:9)
  7 tengu warriors
  A death scarab (Gauntlet)
  16 ogre magi
  5 satyrs
  12 centaur warriors
  5 merfolk aquamancers
  A death knight (Vaults:4)
  4 deep troll earth magi
  6 deep troll shamans
  5 death yaks
  16 thrashing horrors
  A dancing weapon (D:13)
  51 two-headed ogres
  21 hell hogs
  9 vampire magi
  2 orc high priests (Orc:2)
  2 spriggan berserkers (Depths:2)
  3 deep elf knights (Vaults:1)
  4 soul eaters
  7 sun demons (Depths:2)
  6 iron trolls
  An iron golem (Hell)
  9 hell knights
  A fire crab (shapeshifter) (Vaults:3)
  18 wretched stars
  An anaconda zombie (Hell)
  33 skeletal warriors
  3 shadow wraiths
  5 flayed ghosts
  5 glowing orange brains
  6 spatial maelstroms
  An unseen horror (shapeshifter) (Depths:2)
  8 sea snakes
  A swamp dragon (Lair:6)
  A shadow demon (Abyss:1)
  2 wizards
  20 deep trolls
  A deep troll (shapeshifter) (Vaults:2)
  4 unseen horrors
  6 deep elf archers
  13 orc knights
  2 harpies (shapeshifter) (Vaults:2)
  8 necromancers
  10 phantasmal warriors
  15 ironbrand convokers
  A golden dragon skeleton (Hell)
  16 harpies
  28 wolf spiders
  2 oklob plants (Gauntlet)
  2 iron dragon zombies
  21 fauns
  16 orb spiders
  A salamander (Abyss:4)
  A shining eye (Abyss:2)
  6 orc sorcerers
  46 ugly things
  2 worldbinders (Abyss:1)
  5 draconians (Abyss:4)
  27 cyclopes
  7 deep elf magi
  4 moths of wrath
  16 manticores
  5 merfolk sirens
  A guardian serpent (shapeshifter) (Vaults:2)
  2 black mambas (Lair:3)
  3 apocalypse crabs
  26 large abominations
  A fire giant skeleton (Abyss:1)
  3 ice statues
  3 torpor snails
  A guardian serpent (Abyss:4)
  5 rust devils
  14 vault sentinels
  11 smoke demons
  7 water nymphs
  A molten gargoyle (Hell)
  13 spiny frogs
  9 orange demons
  An eye of devastation (Abyss:2)
  2 hellions
  2 naga magi (D:15)
  A yaktaur (shapeshifter) (Depths:2)
  An alligator snapping turtle skeleton (Crypt:2)
  A kobold demonologist (D:14)
  4 minotaur zombies
  3 gargoyles
  28 yaktaurs
  8 freezing wraiths
  16 demonic crawlers
  2 rime drakes (shapeshifter)
  4 efreet
  3 tengu conjurers
  5 komodo dragons
  3 anaconda simulacra (IceCv)
  4 rime drakes
  A queen ant zombie (Crypt:1)
  A hydra zombie (Hell)
  5 red devils (Hell)
  2 tormentors
  12 trolls
  A polar bear (shapeshifter) (Vaults:4)
  2 trolls (shapeshifter) (D:14)
  A hellwing (Abyss:4)
  A jumping spider (shapeshifter) (Abyss:1)
  24 jumping spiders
  A wind drake (shapeshifter) (Vaults:3)
  A death drake zombie (Crypt:2)
  11 ice devils
  2 golden dragon simulacra (IceCv)
  10 ancient zymes
  A queen bee (shapeshifter) (Vaults:2)
  41 merfolk
  2 wind drakes
  7 polar bears
  A wolf spider simulacrum (IceCv)
  Grinder (D:5)
  8 hornets
  Prince Ribbit (D:5)
  An ettin zombie (Vaults:4)
  13 dream sheep
  27 slime creatures
  27 blink frogs
  An alligator zombie (Hell)
  19 raiju
  11 snapping turtles
  An ice dragon zombie (Abyss:4)
  13 hippogriffs
  A bog body (Crypt:1)
  2 hydra skeletons (Hell)
  A meliai zombie (D:14)
  Sigmund (D:2)
  2 centaur simulacra
  5 wyverns
  2 vampires (D:14)
  2 dire elephant simulacra (IceCv)
  22 water elementals
  7 shadows
  2 tarantellas (shapeshifter)
  13 wraiths
  82 redbacks
  A human (shapeshifter) (Vaults:1)
  41 tarantellas
  10 ynoxinuls
  6 hogs
  A hog (shapeshifter) (D:13)
  25 starcursed masses
  21 yaks
  21 small abominations
  An alligator skeleton (Crypt:2)
  6 fire elementals
  A golden eye (shapeshifter) (Vaults:4)
  A spectral komodo dragon (Gauntlet)
  A human (D:7)
  6 hungry ghosts
  7 chaos spawn
  5 fire bats (Abyss:3)
  3 basilisks
  9 neqoxecs
  3 steam dragons (Lair:6)
  An insubstantial wisp (Abyss:2)
  Edmund (D:5)
  Menkaure (D:5)
  6 vampire mosquitoes
  A water nymph zombie (Crypt:1)
  2 iron troll simulacra (IceCv)
  A naga (Abyss:4)
  6 wargs
  3 harpy simulacra (IceCv)
  4 acid dragons
  A soldier ant (D:14)
  10 spatial vortices
  2 hydra simulacra (IceCv)
  13 hell hounds
  A spiny frog zombie (Hell)
  13 water moccasins
  5 porcupines
  A deep troll skeleton (Crypt:2)
  A floating eye (Depths:2)
  An infernal demonspawn skeleton (Crypt:1)
  12 black bears
  6 ice beasts
  7 sky beasts
  A meliai simulacrum (D:15)
  3 eyes of draining
  48 orc warriors
  3 necrophages (Crypt:1)
  An elf skeleton (Vaults:4)
  A snapping turtle zombie (Crypt:1)
  4 boggarts
  70 ogres
  6 wolves (Gauntlet)
  An elephant skeleton (Crypt:1)
  An ettin simulacrum (IceCv)
  16 centaurs
  9 crocodiles
  3 big kobolds (D:12)
  A swamp dragon skeleton (Crypt:1)
  A salamander zombie (Crypt:1)
  A cyclops zombie (Crypt:1)
  16 bullfrogs
  A hippogriff skeleton (Crypt:1)
  A hornet simulacrum (D:15)
  A water moccasin zombie (D:7)
  A wyvern skeleton (D:15)
  6 scorpions
  A troll zombie (D:9)
  3 killer bees (D:13)
  5 howler monkeys
  27 wights
  A troll skeleton (Crypt:1)
  16 crimson imps
  5 bullfrog zombies
  10 centaur zombies
  2 draconian simulacra (IceCv)
  A jelly (D:11)
  5 quasits
  2 human simulacra
  4 hounds
  25 orc priests
  41 orc wizards
  A gnoll shaman (D:8)
  2 bullfrog skeletons
  9 centaur skeletons
  9 iron imps
  Ijyb (D:4)
  Terence (D:2)
  6 iguanas
  10 hell rats
  14 worker ants
  2 spriggan simulacra (IceCv)
  A polar bear simulacrum (IceCv)
  5 troll simulacra (IceCv)
  2 wolf simulacra (IceCv)
  A big kobold zombie (Ossuary)
  A felid zombie (Crypt:2)
  3 ogre zombies (D:9)
  A naga skeleton (Hell)
  5 mummies (Ossuary)
  2 hound skeletons
  A worker ant zombie (D:5)
  A howler monkey zombie (D:8)
  5 gnolls (D:8)
  9 adders
  A naga simulacrum (IceCv)
  4 ogre simulacra (IceCv)
  3 shadow imps
  9 white imps
  7 ufetubi
  An ooze (D:1)
  An ooze (shapeshifter) (D:13)
  An adder skeleton (D:9)
  6 worms
  3 dart slugs
  3 leopard geckos
  148 orcs
  5 bats
  8 giant cockroaches
  A gnoll zombie (Ossuary)
  2 goblins
  6 hobgoblins
  11 jackals
  A quokka (D:5)
  A ball python (D:5)
  2 frilled lizards
  2 goblin skeletons (D:9)
  3 goblin zombies
  A hobgoblin skeleton (D:9)
  A hobgoblin zombie (D:9)
  A jackal skeleton (Crypt:1)
  22 kobolds
  A kobold zombie (Ossuary)
  2 orc skeletons
  9 orc zombies (D:9)
  A quokka skeleton (D:8)
  10 rats
  A rat zombie (Crypt:1)
  2 fungi (Gauntlet)
  4 lurking horrors
  29 plants
  6 starspawn tentacles
  2 tentacles (Hell)
2473 creatures vanquished.

Vanquished Creatures (collateral kills)
  The ghost of Ylag the Warrior, an adept OpCK of Nemelex Xobeh (Depths:2)
  Roxanne (Spider:1)
  An iron dragon (Depths:2)
  A deep troll earth mage (Depths:2)
  An iron troll (Depths:2)
  A hungry ghost (D:9)
  A phantom (D:9)
  A bullfrog (D:9)
  A troll zombie (D:9)
  An ogre zombie (D:9)
  A quokka (D:9)
  A goblin zombie (D:9)
  A hobgoblin skeleton (D:9)
  A hobgoblin zombie (D:9)
  An orc zombie (D:9)
15 creatures vanquished.

Vanquished Creatures (others)
  The ghost of Ryppugov the Brawler, a veteran VSMo of Cheibriados (Depths:2)
  A hell hog (Abyss:1)
  An orc knight (Vaults:4)
  A merfolk (Shoals:2)
  A large abomination (Abyss:4)
  A small abomination (Abyss:2)
  An orc wizard (Orc:2)
  A hell rat (Hell)
  An ufetubus (Abyss:2)
  2 fungi
  3 lurking horrors
  52 plants
  23 starspawn tentacles
  10 tentacles (Hell)
99 creatures vanquished.

Grand Total: 2587 creatures vanquished

Notes
Turn   | Place    | Note
-------+----------+-------------------------------------------
     0 | D:1      | 15rune the Hill Orc Berserker began the quest for the Orb.
     0 | D:1      | Reached XP level 1. HP: 19/19 MP: 1/1
    13 | D:1      | Reached XP level 2. HP: 22/27 MP: 2/2
   268 | D:1      | Reached XP level 3. HP: 28/33 MP: 3/3
   753 | D:2      | Found a shattered altar of Ashenzari.
   807 | D:2      | Reached skill level 5 in Axes
   904 | D:2      | Reached XP level 4. HP: 30/40 MP: 4/4
   966 | D:2      | Reached ** piety under Trog
  1294 | D:2      | Noticed Terence
  1307 | D:2      | Killed Terence
  1415 | D:2      | Reached skill level 6 in Axes
  1415 | D:2      | Reached XP level 5. HP: 25/47 MP: 5/5
  1509 | D:2      | Noticed Sigmund
  1518 | D:2      | Killed Sigmund
  1518 | D:2      | Reached skill level 5 in Fighting
  1518 | D:2      | Reached skill level 7 in Axes
  1518 | D:2      | Reached XP level 6. HP: 49/56 MP: 6/6
  3108 | D:4      | Got a warped leather armour
  3119 | D:4      | Identified the cursed +0 leather armour of the Harvest Moon
                  | {*Drain Dex+3} (You found it on level 4 of the Dungeon)
  3197 | D:4      | Got a jewelled spear
  3198 | D:4      | Identified the +8 spear of Causality {flame, Str+6} (You
                  | found it on level 4 of the Dungeon)
  3260 | D:5      | Entered Level 5 of the Dungeon
  3260 | D:5      | Noticed Ijyb
  3260 | D:5      | Noticed Menkaure
  3273 | D:4      | Killed Ijyb
  3273 | D:4      | Reached XP level 7. HP: 48/61 MP: 7/7
  3414 | D:5      | Killed Menkaure
  3414 | D:5      | Reached skill level 8 in Axes
  3431 | D:5      | Noticed Prince Ribbit
  3443 | D:5      | Killed Prince Ribbit
  3443 | D:5      | Reached skill level 5 in Armour
  3443 | D:5      | Noticed Edmund
  3465 | D:5      | Killed Edmund
  3465 | D:5      | Reached skill level 9 in Axes
  3465 | D:5      | Reached XP level 8. HP: 34/71 MP: 8/8
  3904 | D:5      | Reached skill level 10 in Axes
  4096 | D:5      | Noticed Grinder
  4102 | D:5      | Paralysed by Grinder for 5 turns
  4111 | D:5      | Killed Grinder
  4242 | D:5      | Reached skill level 11 in Axes
  4335 | D:5      | HP: 3/74 [iguana (8)]
  4624 | D:5      | Reached XP level 9. HP: 44/81 MP: 9/9
  4690 | D:5      | Found an ornate altar of the Wu Jian Council.
  4694 | D:5      | Found a glowing silver altar of Zin.
  4694 | D:5      | Found a glowing golden altar of the Shining One.
  4705 | D:5      | Found a bloodstained altar of Trog.
  4709 | D:5      | Found a shimmering blue altar of Sif Muna.
  5243 | D:6      | Reached skill level 12 in Axes
  5252 | D:6      | Found Binep's Elemental Accessories.
  5429 | D:6      | Found a sand-covered staircase.
  5436 | Ossuary  | Entered an ossuary
  6777 | D:7      | Found a staircase to the Ecumenical Temple.
  6817 | D:7      | Reached skill level 13 in Axes
  6823 | Temple   | Entered the Ecumenical Temple
  7345 | D:7      | Reached *** piety under Trog
  7345 | D:7      | Reached XP level 10. HP: 38/93 MP: 10/10
  7349 | D:7      | Reached skill level 14 in Axes
  7357 | D:7      | Reached skill level 10 in Fighting
  8317 | D:8      | Reached skill level 15 in Axes
  8430 | D:8      | Reached **** piety under Trog
  9248 | D:9      | Found a bloodstained altar of Trog.
  9256 | D:9      | Reached skill level 16 in Axes
  9443 | D:9      | Reached XP level 11. HP: 86/99 MP: 11/11
  9540 | D:9      | Reached skill level 17 in Axes
  9575 | D:9      | Found a staircase to the Orcish Mines.
  9872 | D:9      | Noticed Erica
  9888 | D:9      | Killed Erica
 10186 | D:10     | Entered Level 10 of the Dungeon
 10209 | D:10     | Found a staircase to the Lair.
 10231 | D:10     | Found a sparkling altar of Nemelex Xobeh.
 10283 | D:10     | Found Ywnilibu's Assorted Antiques.
 10291 | D:10     | Bought a scorched helmet for 256 gold pieces
 10301 | D:10     | Identified the +2 helmet of the Cartwright {Regen+ Str+3}
                  | (You bought it in a shop on level 10 of the Dungeon)
 10763 | D:11     | Reached ***** piety under Trog
 10763 | D:11     | Received a gift from Trog
 11009 | D:11     | Reached skill level 1 in Evocations
 11363 | Lair:1   | Entered Level 1 of the Lair of Beasts
 11384 | Lair:1   | Reached skill level 18 in Axes
 11548 | Lair:1   | Found the +8 trident of the Octopus King {venom, rElec
                  | rPois MR+}
 11682 | Lair:1   | Reached XP level 12. HP: 110/110 MP: 12/14
 12167 | Lair:2   | Found a hole to the Spider Nest.
 12470 | Lair:2   | Found a staircase to the Shoals.
 12478 | Lair:2   | Received a gift from Trog
 12853 | Lair:3   | Reached skill level 19 in Axes
 12904 | Lair:3   | Found a gate leading to a gauntlet.
 12914 | Gauntlet | Entered a Gauntlet
 12914 | Gauntlet | Found a transporter.
 12914 | Gauntlet | Found a transporter.
 12914 | Gauntlet | Found a transporter.
 12914 | Gauntlet | Noticed a death scarab
 12916 | Gauntlet | Noticed a green death
 12918 | Gauntlet | Found a transporter.
 12918 | Gauntlet | Found a transporter.
 12932 | Gauntlet | Noticed a thrashing horror
 12933 | Gauntlet | Found a transporter.
 12933 | Gauntlet | Found a transporter.
 12957 | Gauntlet | Found a transporter.
 12968 | Gauntlet | Found a transporter.
 12969 | Gauntlet | Found a transporter.
 12976 | Gauntlet | Found a transporter.
 13046 | Gauntlet | Noticed a thrashing horror
 13096 | Gauntlet | Found a transporter.
 13153 | Gauntlet | Killed a death scarab
 13374 | Gauntlet | Reached skill level 5 in Evocations
 13493 | Gauntlet | Identified the +4 short sword "Newtslayer" {venom, Str+3
                  | Dex-5}
 13493 | Gauntlet | Noticed a minotaur
 13503 | Gauntlet | Killed a minotaur
 13608 | Gauntlet | Reached XP level 13. HP: 104/119 MP: 16/16
 14322 | Lair:4   | Reached skill level 20 in Axes
 14994 | Lair:5   | Found a staircase to the Slime Pits.
 14996 | Lair:5   | Found a viscous altar of Jiyva.
 15436 | Lair:5   | You are sucked into a shaft and drop 1 floor!
 15436 | Lair:6   | Entered Level 6 of the Lair of Beasts
 15953 | Lair:6   | Reached skill level 10 in Armour
 16242 | Lair:6   | Noticed a fire dragon
 16254 | Lair:6   | Killed a fire dragon
 17186 | D:12     | Received a gift from Trog
 17189 | D:12     | Reached XP level 14. HP: 117/132 MP: 17/17
 17565 | D:12     | Found a runed translucent door.
 17565 | D:12     | Noticed a storm dragon
 17565 | D:12     | Noticed a sphinx
 17567 | D:12     | Noticed a tengu reaver
 17567 | D:12     | Noticed a frost giant
 17567 | D:12     | Noticed a tengu reaver
 17567 | D:12     | Noticed a tengu reaver
 17896 | D:13     | Received a gift from Trog
 18285 | D:13     | Found a runed translucent door.
 18286 | D:13     | Found a shimmering altar of Xom.
 18286 | D:13     | Noticed Unitt's ghost (journeyman GrEE)
 18286 | D:13     | Identified the cursed +3 battleaxe of War {chaos, rPois MR+
                  | Int+2}
 18367 | D:13     | Killed Unitt's ghost
 18376 | D:13     | Identified the Tome of Warped Malediction
 18378 | D:13     | Got a fine ring mail
 18389 | D:13     | Identified the cursed +1 ring mail of Uttezuerr {Int+5}
                  | (You found it on level 13 of the Dungeon)
 18464 | D:13     | Found a sacrificial altar of Ru.
 18520 | D:13     | Reached skill level 15 in Fighting
 18558 | D:13     | Reached skill level 21 in Axes
 19206 | D:14     | Received a gift from Trog
 19232 | D:14     | Reached XP level 15. HP: 141/141 MP: 18/18
 19285 | D:14     | You are sucked into a shaft and drop 1 floor!
 19285 | D:15     | Entered Level 15 of the Dungeon
 19352 | D:15     | Reached skill level 22 in Axes
 19470 | D:14     | Found a gate to the Vaults.
 19532 | D:14     | Noticed Snorg
 19548 | D:14     | Killed Snorg
 19566 | D:14     | Got a pair of transparent gloves
 19577 | D:14     | Identified the +2 pair of gloves of Poor Excuses {rF- MR+
                  | Str+3 Dex+4} (You found it on level 14 of the Dungeon)
 19894 | D:14     | Received a gift from Trog
 19988 | D:14     | Identified the +4 hand axe of Desertification {vamp,
                  | Fragile rPois Int+4 SInv}
 20025 | D:14     | Noticed a storm dragon
 20037 | D:14     | Reached skill level 23 in Axes
 20038 | D:14     | Noticed a frost giant
 20042 | D:14     | Killed a storm dragon
 20253 | D:14     | Killed a frost giant
 20282 | D:14     | Noticed a shadow dragon
 20290 | D:14     | Killed a shadow dragon
 20299 | D:14     | Found the +5 robe of Night {Dark MR+ SInv}
 20635 | D:14     | Reached XP level 16. HP: 142/149 MP: 19/19
 20650 | D:14     | Reached skill level 24 in Axes
 20650 | D:14     | Reached XP level 17. HP: 156/156 MP: 20/20
 20740 | D:15     | Got a vibrating copper amulet
 20825 | D:15     | Received a gift from Trog
 20993 | D:15     | Found a staircase to the Depths.
 21176 | D:15     | Found a shadowy altar of Dithmenos.
 21689 | Orc:1    | Entered Level 1 of the Orcish Mines
 21815 | Orc:1    | Found Lein's Weapon Shop.
 22113 | Orc:2    | Entered Level 2 of the Orcish Mines
 22180 | Orc:2    | Received a gift from Trog
 22183 | Orc:2    | Reached skill level 15 in Armour
 22289 | Orc:2    | Found a staircase to the Elven Halls.
 22509 | Orc:2    | Found a roughly hewn altar of Beogh.
 22631 | Orc:2    | Found a roughly hewn altar of Beogh.
 22632 | Orc:2    | Found Ibymyrui's Food Boutique.
 22666 | Orc:2    | Found a roughly hewn altar of Beogh.
 22715 | Orc:2    | Received a gift from Trog
 22738 | Orc:2    | Found Giynwoh's Antique Weapon Boutique.
 22745 | Orc:2    | Found a roughly hewn altar of Beogh.
 22775 | Orc:2    | Found Qimie's Antique Armour Shop.
 22807 | Orc:2    | Bought a smelly plate armour for 868 gold pieces
 22817 | Orc:2    | Identified the +11 plate armour of Vyujolag {rPois rF+
                  | Str-3} (You bought it in a shop on level 2 of the Orcish
                  | Mines)
 22916 | Orc:2    | Found a roughly hewn altar of Beogh.
 22928 | Orc:2    | Found Qiripp's Antique Armour Emporium.
 22988 | Orc:2    | Found a roughly hewn altar of Beogh.
 23147 | Spider:1 | Entered Level 1 of the Spider Nest
 23168 | Spider:1 | Reached skill level 25 in Axes
 23285 | Spider:1 | Received a gift from Trog
 23416 | Spider:1 | Noticed Roxanne
 23437 | Spider:1 | Killed Roxanne
 23723 | Spider:2 | Identified the amulet of Nadudwow {Harm *Drain Int+4} (You
                  | found it on level 15 of the Dungeon)
 24122 | Spider:2 | Reached skill level 26 in Axes
 24828 | Spider:3 | Received a gift from Trog
 24954 | Spider:3 | Noticed Kirke
 24968 | Spider:3 | Killed Kirke
 25062 | Spider:3 | Found a frozen archway.
 25077 | IceCv    | Entered an ice cave
 25438 | IceCv    | Reached XP level 18. HP: 163/163 MP: 21/21
 25629 | IceCv    | Received a gift from Trog
 25710 | IceCv    | Got a warped battleaxe {god gift}
 25711 | IceCv    | Identified the +5 battleaxe of Trog's Righteous Fury
                  | {vorpal, Str+4 Dex+2} (Trog gifted it to you in an ice
                  | cave)
 27066 | Spider:4 | Entered Level 4 of the Spider Nest
 27253 | Shoals:1 | Entered Level 1 of the Shoals
 27270 | Shoals:1 | Noticed Josephine
 27271 | Shoals:1 | Found Diommucs's Book Shop.
 27279 | Shoals:1 | Killed Josephine
 27340 | Shoals:1 | Noticed Nikola
 27371 | Shoals:1 | Killed Nikola
 28133 | Shoals:2 | Found Ruozouf's Antique Armour Boutique.
 28236 | Shoals:2 | Found Kabinoupn's Gadget Emporium.
 28262 | Shoals:2 | Received a gift from Trog
 28290 | Shoals:2 | Reached skill level 27 in Axes
 28395 | Shoals:2 | Bought a pair of spiked gloves for 370 gold pieces
 28405 | Shoals:2 | Identified the +2 pair of gloves of Hubris {rElec MR- SInv
                  | Stlth+} (You bought it in a shop on level 2 of the Shoals)
 28485 | Shoals:2 | Found Heal's Assorted Antiques.
 28646 | Shoals:2 | Found Citiem's Assorted Antiques.
 28821 | Shoals:2 | Found Jeulo's Assorted Antiques.
 28908 | Shoals:2 | Bought a scroll of fog for 64 gold pieces
 28908 | Shoals:2 | Bought a scroll of blinking for 240 gold pieces
 29351 | Shoals:3 | Noticed Polyphemus
 29637 | Shoals:3 | Received a gift from Trog
 29658 | Shoals:3 | Killed Polyphemus
 29998 | Shoals:3 | Reached XP level 19. HP: 148/177 MP: 22/22
 30434 | Shoals:4 | Entered Level 4 of the Shoals
 30510 | Shoals:4 | Received a gift from Trog
 31045 | Shoals:4 | Found the +2 Maxwell's thermic engine {flame, freeze}
 31101 | Shoals:4 | Received a gift from Trog
 31315 | Shoals:4 | Got a barnacled rune of Zot
 32309 | Spider:4 | Reached skill level 1 in Long Blades
 32401 | Spider:4 | Received a gift from Trog
 32403 | Spider:4 | Noticed Bai Suzhen
 32419 | Spider:4 | Killed Bai Suzhen
 32446 | Spider:4 | Noticed Asterion
 32483 | Spider:4 | Killed Asterion
 32636 | Spider:4 | Reached XP level 20. HP: 189/189 MP: 0/23
 32645 | Spider:4 | Reached skill level 5 in Long Blades
 32661 | Spider:4 | Received a gift from Trog
 33268 | Spider:4 | Got a gossamer rune of Zot
 33909 | Vaults:1 | Entered Level 1 of the Vaults
 34060 | Vaults:1 | Received a gift from Trog
 35298 | Vaults:2 | Noticed Xtahua
 35310 | Vaults:2 | Killed Xtahua
 35330 | Vaults:2 | Received a gift from Trog
 35394 | Vaults:2 | Reached XP level 21. HP: 169/201 MP: 24/24
 35464 | Vaults:2 | Reached skill level 10 in Long Blades
 35783 | Vaults:2 | Received a gift from Trog
 35875 | Vaults:2 | Got an ancient triple sword {god gift}
 35876 | Vaults:2 | Identified the +1 triple sword "Devut" {vorpal, MR+ Str+4}
                  | (Trog gifted it to you on level 2 of the Vaults)
 36502 | Vaults:3 | Received a gift from Trog
 36676 | Vaults:3 | Found Gozag's Antique Weapon Boutique.
 36677 | Vaults:3 | Found Gozag's Assorted Antiques.
 36721 | Vaults:3 | Found an opulent altar of Gozag.
 36799 | Vaults:3 | Found Gozag's Assorted Antiques.
 37152 | Vaults:3 | Identified the +2 robe of Giusubb {rElec MR- rCorr SInv}
 37401 | Vaults:3 | Found a burning altar of Makhleb.
 37520 | Vaults:3 | Found a staircase to the Crypt.
 37714 | Vaults:3 | Found the +9 heavy crossbow "Sniper" {vorpal, Acc+∞ SInv}
 37796 | Vaults:4 | Noticed Mara
 37805 | Vaults:4 | Noticed 15rune's illusion
 37824 | Vaults:4 | Killed Mara
 37824 | Vaults:4 | Reached XP level 22. HP: 127/211 MP: 25/25
 37929 | Vaults:4 | Received a gift from Trog
 38211 | Vaults:4 | Received a gift from Trog
 38347 | Vaults:4 | Reached skill level 15 in Long Blades
 38432 | Vaults:4 | Found Xeqiliar's Book Emporium.
 38821 | Vaults:4 | Received a gift from Trog
 38824 | Vaults:4 | Got a crystal great sword {god gift}
 38865 | Vaults:4 | Identified the +8 great sword of Doubt {vorpal, *Contam
                  | +Fly rPois} (Trog gifted it to you on level 4 of the
                  | Vaults)
 38892 | Vaults:4 | Gained mutation: You are dopey. (Int -2) [mutagenic glow]
 39890 | Depths:1 | Entered Level 1 of the Depths
 39943 | Depths:1 | Found Pulaph's Distillery.
 39948 | Depths:1 | Found Gysomena's Antique Armour Emporium.
 39951 | Depths:1 | Bought a potion of heal wounds for 105 gold pieces
 39957 | Depths:1 | Noticed Sojobo
 40110 | Depths:1 | Killed Sojobo
 40121 | Depths:1 | Reached XP level 23. HP: 189/220 MP: 26/26
 40334 | Depths:1 | Received a gift from Trog
 40488 | Depths:1 | Found a gateway to Hell.
 40538 | Depths:1 | You are sucked into a shaft and drop 1 floor!
 40653 | Depths:2 | Reached ****** piety under Trog
 40741 | Depths:2 | Received a gift from Trog
 41009 | Depths:2 | Identified a scroll of acquirement
 41010 | Depths:2 | Identified the amulet of the Tempest {Spirit SInv} (You
                  | acquired it on level 2 of the Depths)
 41135 | Depths:2 | Found a runed translucent door.
 41137 | Depths:2 | Noticed Ylag's ghost (adept OpCK)
 41237 | Depths:2 | Killed Ylag's ghost
 41243 | Depths:2 | Found a runed translucent door.
 41243 | Depths:2 | Noticed Ryppugov's ghost (veteran VSMo)
 41243 | Depths:2 | Noticed a golden dragon
 41266 | Depths:2 | Killed Ryppugov's ghost
 41268 | Depths:2 | Killed a golden dragon
 41341 | Depths:2 | Found a runed translucent door.
 41341 | Depths:2 | Noticed Wemuhud's ghost (adept DsGl)
 41383 | Depths:2 | Killed Wemuhud's ghost
 41397 | Depths:2 | Identified the Catalogue of Floating Transformation
 41575 | Depths:2 | Found a one-way gate to the infinite horrors of the Abyss.
 42423 | Vaults:3 | Fell from the grace of Trog
 42423 | Vaults:3 | Became a worshipper of Gozag Ym Sagoz the Greedy
 42769 | Depths:2 | Voluntarily entered the Abyss.
 43086 | Abyss:1  | Gained mutation: Scrolls take you a little longer to read.
                  | [a neqoxec]
 43178 | Depths:2 | Escaped the Abyss
 43192 | Depths:2 | Paralysed by Trog for 3 turns
 43431 | Depths:1 | Learned a level 5 spell: Borgnjor's Vile Clutch
 43438 | Depths:1 | Learned a level 6 spell: Death Channel
 43508 | Depths:2 | Learned a level 4 spell: Dispel Undead
 43724 | Depths:1 | Reached skill level 1 in Necromancy
 43758 | Depths:1 | Reached skill level 1 in Earth Magic
 43909 | Depths:1 | Found a bloodstained altar of Trog.
 43921 | Depths:1 | Paralysed by Trog for 7 turns
 44153 | Depths:2 | Voluntarily entered the Abyss.
 44385 | Abyss:1  | Gained mutation: You are very dopey. (Int -4) [a neqoxec]
 44387 | Abyss:1  | Gained mutation: Armour fits poorly on your strangely
                  | shaped body. [a neqoxec]
 44397 | Abyss:1  | Lost mutation: Armour fits poorly on your strangely shaped
                  | body. [potion of mutation]
 44397 | Abyss:1  | Lost mutation: Scrolls take you a little longer to read.
                  | [potion of mutation]
 44397 | Abyss:1  | Lost mutation: You are very dopey. (Int -4) [potion of
                  | mutation]
 44397 | Abyss:1  | Gained mutation: Your flesh is heat resistant. (rF+)
                  | [potion of mutation]
 44397 | Abyss:1  | Lost mutation: You are dopey. (Int -2) [potion of mutation]
 44738 | Abyss:2  | Found an ornate altar of the Wu Jian Council.
 44888 | Abyss:2  | Found an ornate altar of the Wu Jian Council.
 44910 | Abyss:2  | Reached XP level 24. HP: 186/231 MP: 26/26
 44936 | Abyss:2  | Paralysed by accursed screaming for 1 turns
 44978 | Depths:2 | Escaped the Abyss
 45110 | Depths:2 | Bought 2 potions of heal wounds for 130 gold pieces
 45110 | Depths:2 | Bought a potion of might for 52 gold pieces
 45110 | Depths:2 | Bought a potion of heal wounds for 65 gold pieces
 45110 | Depths:2 | Bought 2 potions of heal wounds for 130 gold pieces
 45110 | Depths:2 | Bought a potion of resistance for 130 gold pieces
 45110 | Depths:2 | Bought a potion of curing for 39 gold pieces
 45110 | Depths:2 | Bought a potion of curing for 39 gold pieces
 45110 | Depths:2 | Bought a potion of curing for 39 gold pieces
 45112 | Depths:2 | Voluntarily entered the Abyss.
 45146 | Abyss:1  | Gained mutation: Armour fits poorly on your strangely
                  | shaped body. [a neqoxec]
 45150 | Abyss:1  | Gained mutation: You are occasionally teleported next to
                  | monsters. [a neqoxec]
 45583 | Abyss:3  | Reached skill level 5 in Necromancy
 45651 | Depths:2 | Escaped the Abyss
 45799 | Hell     | Entered the Vestibule of Hell
 45799 | Hell     | Noticed Geryon
 46418 | Hell     | Cast into level 1 of the Abyss (red devil)
 46467 | Hell     | Escaped the Abyss
 46530 | Hell     | Noticed Murray
 47135 | Hell     | Found a gateway to the ashen valley of Gehenna.
 47158 | Hell     | Reached skill level 5 in Earth Magic
 47160 | Hell     | Killed Murray
 47395 | Hell     | Killed Geryon
 47502 | Hell     | Found a gateway to the decaying netherworld of Tartarus.
 47857 | Hell     | Cast into level 2 of the Abyss (skeletal warrior)
 48396 | Abyss:2  | Reached skill level 10 in Necromancy
 48422 | Abyss:2  | Gained mutation: You tend to lose your temper in combat. [a
                  | shining eye]
 48479 | Abyss:2  | Paralysed by Trog for 3 turns
 48906 | Abyss:3  | Found a stormy altar of Qazlal.
 48947 | Hell     | Escaped the Abyss
 49083 | Hell     | Lost mutation: Your flesh is heat resistant. (rF+) [potion
                  | of mutation]
 49083 | Hell     | Lost mutation: Armour fits poorly on your strangely shaped
                  | body. [potion of mutation]
 49083 | Hell     | Gained mutation: You are resistant to electric shocks.
                  | (rElec) [potion of mutation]
 49083 | Hell     | Gained mutation: You are clumsy. (Dex -2) [potion of
                  | mutation]
 49083 | Hell     | Gained mutation: You evolve. [potion of mutation]
 49163 | Hell     | Reached XP level 25. HP: 223/238 MP: 26/26
 49197 | Hell     | Found a gateway to the freezing wastes of Cocytus.
 49300 | Hell     | Lost mutation: You are occasionally teleported next to
                  | monsters. [evolution]
 49322 | Hell     | Found a gateway to the Iron City of Dis.
 49517 | Depths:2 | Voluntarily entered the Abyss.
 49644 | Depths:2 | Escaped the Abyss
 49647 | Depths:2 | Bought a potion of lignification for 75 gold pieces
 49647 | Depths:2 | Bought 2 potions of might for 200 gold pieces
 49647 | Depths:2 | Bought a potion of curing for 75 gold pieces
 49647 | Depths:2 | Bought a potion of might for 100 gold pieces
 49647 | Depths:2 | Bought a potion of curing for 75 gold pieces
 49647 | Depths:2 | Bought a potion of curing for 75 gold pieces
 49647 | Depths:2 | Bought 2 potions of might for 200 gold pieces
 49649 | Depths:2 | Voluntarily entered the Abyss.
 50046 | Abyss:1  | Found a corrupted altar of Lugonu.
 50469 | Abyss:1  | Found a corrupted altar of Lugonu.
 51299 | Abyss:4  | Found a transporter.
 51304 | Abyss:4  | Found a corrupted altar of Lugonu.
 51394 | Abyss:4  | Got an abyssal rune of Zot
 51467 | Abyss:4  | Found a corrupted altar of Lugonu.
 51520 | Abyss:4  | Found a corrupted altar of Lugonu.
 51522 | Abyss:4  | Found a transporter.
 51554 | Abyss:4  | Found a corrupted altar of Lugonu.
 51579 | Abyss:4  | Found a transporter.
 51627 | Abyss:4  | Reached skill level 15 in Necromancy
 51662 | Abyss:4  | Found a corrupted altar of Lugonu.
 51665 | Abyss:4  | Gained mutation: Your magical capacity is low. (-10% MP) [a
                  | neqoxec]
 51779 | Abyss:4  | Reached XP level 26. HP: 154/246 MP: 24/24
 51833 | Abyss:4  | Paralysed by Trog for 2 turns
 51890 | Depths:2 | Escaped the Abyss
 51975 | Depths:2 | Bought 2 potions of curing for 258 gold pieces
 51975 | Depths:2 | Bought a scroll of summoning for 408 gold pieces
 51977 | Depths:2 | Bought a phantom mirror for 510 gold pieces
 52466 | Depths:2 | Found a one-way gate leading to the halls of Pandemonium.
 52491 | Depths:2 | Fell from the grace of Gozag
 52848 | D:5      | Became a worshipper of the Shining One
 53266 | Crypt:1  | Entered Level 1 of the Crypt
 53355 | Crypt:1  | Noticed Margery
 53366 | Crypt:1  | Killed Margery
 53378 | Crypt:1  | Reached * piety under the Shining One
 53624 | Crypt:1  | Reached ** piety under the Shining One
 53805 | Crypt:1  | Reached *** piety under the Shining One
 53963 | Crypt:1  | Reached skill level 1 in Invocations
 54041 | Crypt:1  | Reached **** piety under the Shining One
 54561 | Crypt:2  | Reached skill level 5 in Invocations
 54619 | Crypt:2  | Reached ***** piety under the Shining One
 55135 | Crypt:2  | Found a blossoming altar of Fedhas.
 55235 | Crypt:2  | Was forgiven by Trog
 55265 | Crypt:2  | Mangled by a stone giant

Levels and vault maps discovered:
D:1:      onia_arrival_handbag, layout_basic, chequers_serial_rivers_small_b
D:2:      layout_loops_corners, evilmike_ruin_ashenzari, first_ration,
          uniq_sigmund, uniq_terence
D:3:      layout_loops_cross, st_stairs_10
D:4:      layout_loops_ring
D:5:      minmay_razor_zed, layout_rooms, minmay_overflow_temple_star_hex,
          uniq_edmund, uniq_ijyb, uniq_menkaure, uniq_prince_ribbit1,
          uniq_grinder
D:6:      layout_loops_cross, lightli_ossuary_entry_decrepit_ruins,
          nicolae_zen_rock_garden, nicolae_elemental_shop
D:7:      layout_loops_ring, minmay_temple_entry_ruins, grunt_livestock
D:8:      layout_basic
D:9:      layout_loops_ring, nicolae_overflow_hidden_temple, zombieorc1_lemuel,
          bloody_trog, uniq_erica
D:10:     layout_gridville, dpeg_oklobed_lair, serial_shops, shop,
          lemuel_tele_altar
D:11:     layout_roguey
D:12:     minmay_gate_of_8, layout_cave_pools
D:13:     layout_rooms, ebering_ghost_xom, basic_altar, minivault_19
D:14:     minmay_nested_s, layout_gridville, david_vaults_1,
          minmay_misc_feat_secret_circle, uniq_snorg
D:15:     grunt_enter_depths_magical_seal, layout_basic, grunt_dithmenos_shadows
Temple:   regret_index_temple_generic_petals
Lair:1:   layout_gridlike, st_stairs_6
Lair:2:   layout_long_grid, minmay_shoals_entry_hut,
          nicolae_spider_entry_non_spiders
Lair:3:   layout_cave_shapes, gauntlet_entry_generic,
          chequers_serial_rivers_room_a, grunt_megastairs_4
Lair:4:   layout_misc_corridors, minmay_lair_oklob_chamber
Lair:5:   layout_cave_pods, slime_altar_1
Lair:6:   guppyfry_lair_end_dragon, layout_long_grid, st_stairs_11,
          chequers_serial_rivers_micro_a
Shoals:1: layout_shoals, serial_shops, nicolae_shop_crystal, uniq_nikola,
          uniq_josephine
Shoals:2: layout_shoals, serial_shops, shop, nicolae_shop_window_shopping, shop,
          nicolae_shop_overgrown_old_shop, nicolae_shop_trees
Shoals:3: cheibrodos_shoals_oceanic_diplomacy, layout_shoals, uniq_polyphemus
Shoals:4: shoals_end_grunt_garden, layout_shoals
Spider:1: layout_spider_delve, uniq_roxanne
Spider:2: layout_spider_delve, drop_trap
Spider:3: layout_chambers, portal_ice_cave_entry_pillars_1,
          hangedman_spider_tarantella_strand, uniq_kirke
Spider:4: grunt_spider_rune_parallel, uniq_asterion, uniq_bai_suzhen
Orc:1:    layout_caves, serial_shops, shop
Orc:2:    grunt_orc_community_town_hall, layout_caves,
          grunt_orc_community_big_house_2, grunt_orc_community_big_house_1,
          grunt_orc_community_house_1, grunt_orc_community_house_3,
          grunt_orc_community_house_3, grunt_orc_community_house_3,
          grunt_orc_community_house_2
Vaults:1: vaults_standard_mumra_x, hangedman_vaults_trim, v_misc_9, v_misc_30,
          vaults_mumra_lcd, nicolae_vaults_network_periphery, vaults_room_pools,
          layout_vaults_quadrants
Vaults:2: nicolae_vaults_diagonal_hallway_6, v_misc_23, nicolae_vaults_theta,
          vaults_mumra_chevron, v_misc_28, v_pattern_5,
          nicolae_vaults_border_crossing, v_misc_15,
          ontoclasm_vaults_claustrophobia, vaults_mumra_hex,
          layout_vaults_big_room, uniq_xtahua
Vaults:3: kennysheep_vaults_gozag_temple, nicolae_vaults_asterisk,
          minmay_crypt_entry_simple_sparse, ontoclasm_vaults_shuriken,
          hangedman_vaults_variations, vaults_dpeg_hooks,
          ontoclasm_vaults_misaligned, nicolae_vaults_alarming, v_misc_11,
          ontoclasm_vaults_twist, nicolae_vaults_yaktaur_gun_rack, v_misc_1,
          dpeg_vaults_monster_box, layout_vaults_omnicross, basic_altar
Vaults:4: hangedman_vaults_corner, vaults_dpeg_diagonal, hangedman_vaults_nails,
          nicolae_vaults_little_squares_3, nicolae_vaults_mini_display_case,
          nicolae_vaults_circle_grid_a, hangedman_vaults_locks,
          minmay_guarded_unrand_guard_vaults, vaults_room_grunt_arrival_ludios,
          vaults_room_corners, nicolae_vaults_little_squares_3, v_alt_pattern_3,
          v_misc_19, layout_vaults_omnibox, serial_shops,
          nicolae_shop_competitors_out_of_business, uniq_mara
Crypt:1:  layout_basic, uniq_margery
Crypt:2:  layout_chaotic_city, nicolae_crypt_fedhas_prevails
Depths:1: layout_gridlike, hell_entry, chequers_jeans,
          minmay_misc_feat_ornament, lemuel_statue_altar, minmay_shop_star,
          uniq_sojobo
Depths:2: minmay_the_grid_octo_tiled_squarecenter_mashed
          [minmay_the_grid_octo_77, minmay_the_grid_octo_thin_diamonds,
          minmay_the_grid_octo_clover, minmay_the_grid_octo_teeth,
          minmay_the_grid_square_5x5_megaprize_hollow,
          minmay_the_grid_square_5x5_mess, minmay_the_grid_square_5x5_slash,
          minmay_the_grid_square_5x5_bracketed,
          minmay_the_grid_square_5x5_corner], layout_gridlike,
          muffindrake_ghost_three_little_ghosts, pan_entry,
          grunt_mini_vestibule, abyss_entry, hex_tiny,
          chequers_serial_rivers_marsh
Hell

Skill      XL: |  1  2  3  4  5  6  7  8  9 10 11 12 13 14 15 16 17 18 19 20 21 22 23 24 25 26 |
---------------+-------------------------------------------------------------------------------+-----
Fighting       | 4 5 6 8 9 10 11 12 14 15 17 18 20 21 22 | 22.0
Axes           | 5 6 7 9 11 13 16 18 19 20 21 23 24 26 27 | 27.0
Armour         | 3 4 5 7 8 11 12 14 15 16 18 19 20 21 22 | 22.0
Evocations     | 2 5 |  5.0
Dodging        | 4 |  4.1
Long Blades    | 4 9 14 16 18 19 20 | 20.2
Necromancy     | 3 10 15 16 | 16.5
Earth Magic    | 2 5 6 |  6.3
Invocations    | 6 |  6.9

Action                   |  1- 3 |  4- 6 |  7- 9 | 10-12 | 13-15 | 16-18 | 19-21 | 22-24 | 25-27 || total
-------------------------+-------+-------+-------+-------+-------+-------+-------+-------+-------++-------
Melee: Hand axe          |    92 |   142 |   477 |   188 |       |       |       |       |       ||   899
       Battleaxe         |       |       |       |   501 |       |       |       |       |       ||   501
       Broad axe         |       |       |       |   106 |   363 |       |       |       |       ||   469
       Executioner's axe |       |       |       |       |   339 |   958 |   978 |   828 |   766 ||  3869
       Double sword      |       |       |       |       |       |       |     7 |   595 |   170 ||   772
       Triple sword      |       |       |       |       |       |       |     2 |       |       ||     2
Invok: Berserk           |     1 |     4 |     4 |     4 |     4 |       |     1 |       |       ||    18
       Trog's Hand       |       |     1 |    10 |     3 |     2 |     4 |     3 |     1 |       ||    24
       Brothers in Arms  |       |       |       |     1 |     1 |     2 |     1 |     2 |       ||     7
       Potion Petition   |       |       |       |       |       |       |       |     3 |     1 ||     4
       Call Merchant     |       |       |       |       |       |       |       |     1 |     3 ||     4
       Cleansing Flame   |       |       |       |       |       |       |       |       |     2 ||     2
       Renounce Religion |       |       |       |       |       |       |       |       |     1 ||     1
Evoke: Wand              |       |       |     4 |       |       |     6 |       |     7 |       ||    17
       Box of beasts     |       |       |       |       |       |       |       |     1 |       ||     1
  Use: Scroll            |       |     7 |     6 |     7 |    12 |    10 |     6 |     9 |     6 ||    63
       Potion            |       |     1 |     2 |     2 |       |     2 |       |    12 |     8 ||    27
 Stab: Sleeping          |     2 |       |     1 |       |       |       |       |    18 |       ||    21
       Paralysed         |       |       |     9 |       |       |       |       |       |       ||     9
       Invisible         |       |       |       |       |     2 |       |       |    11 |       ||    13
       Held in net/web   |       |       |       |       |       |     1 |     3 |       |       ||     4
       Distracted        |       |       |       |       |       |     1 |       |    10 |     2 ||    13
  Eat: Chunk             |       |     7 |    12 |    19 |    10 |     7 |    12 |     3 |       ||    70
       Ration            |       |     1 |     4 |     6 |     5 |     8 |     5 |    12 |     6 ||    47
Armor: Animal skin       |    19 |     7 |       |       |       |       |       |       |       ||    26
       Scale mail        |       |    30 |       |       |       |       |       |       |       ||    30
       Chain mail        |       |    10 |       |       |       |       |       |       |       ||    10
       Leather armour    |       |     1 |    62 |       |       |       |       |       |       ||    63
       Plate armour      |       |       |    99 |   459 |   565 |   719 |   951 |  1338 |   704 ||  4835
       Skin              |       |       |       |     1 |       |       |       |       |       ||     1
Dodge: Dodged            |    49 |    84 |   176 |   265 |   353 |   430 |   542 |   758 |   415 ||  3072
Block: Buckler           |       |       |       |     2 |    32 |       |       |       |       ||    34
       Rpst.: Double sword |       |       |       |       |       |       |     1 |    57 |    18 ||    76

Table legend:
 A = Non-vault XP
 B = Vault XP
 C = Vault XP percentage of total XP
 D = Non-vault monster count
 E = Vault monster count
 F = Vault count percentage of total count
                 A         B        C        D         E       F
            +---------+---------+-------+---------+---------+-------
      Total |  705638 |  420059 |  37.3 |    1637 |     724 |  30.7
            +---------+---------+-------+---------+---------+-------
        D:1 |      25 |      10 |  28.6 |      13 |       4 |  23.5
        D:2 |     105 |     263 |  71.5 |      15 |       2 |  11.8
        D:3 |      78 |      16 |  17.0 |      14 |       3 |  17.6
        D:4 |     110 |      26 |  19.1 |       5 |       1 |  16.7
        D:5 |     939 |    1115 |  54.3 |      36 |      11 |  23.4
        D:6 |     619 |       0 |   0.0 |      13 |       0 |   0.0
        D:7 |     802 |    1001 |  55.5 |      17 |       5 |  22.7
        D:8 |    1764 |       0 |   0.0 |      41 |       0 |   0.0
        D:9 |    2951 |    1550 |  34.4 |      37 |      29 |  43.9
       D:10 |    1318 |       0 |   0.0 |      28 |       0 |   0.0
       D:11 |    2365 |       0 |   0.0 |      31 |       0 |   0.0
       D:12 |    8330 |   12287 |  59.6 |      58 |       6 |   9.4
       D:13 |   15090 |    1914 |  11.3 |      49 |       2 |   3.9
       D:14 |   17943 |   27411 |  60.4 |      48 |      60 |  55.6
       D:15 |    9816 |    4266 |  30.3 |      27 |      11 |  28.9
     Lair:1 |    4966 |       0 |   0.0 |      21 |       0 |   0.0
     Lair:2 |    3605 |     481 |  11.8 |      14 |       9 |  39.1
     Lair:3 |    2367 |    1248 |  34.5 |       7 |       5 |  41.7
     Lair:4 |    2976 |    2013 |  40.3 |      10 |       5 |  33.3
     Lair:5 |    2495 |       0 |   0.0 |      11 |       0 |   0.0
     Lair:6 |    5588 |    5326 |  48.8 |      16 |      15 |  48.4
   Shoals:1 |    9520 |    5660 |  37.3 |      23 |       7 |  23.3
   Shoals:2 |   22740 |       0 |   0.0 |      47 |       0 |   0.0
   Shoals:3 |   11708 |   12112 |  50.8 |      25 |      16 |  39.0
   Shoals:4 |   20621 |   19956 |  49.2 |      41 |      32 |  43.8
   Spider:1 |    9815 |    1492 |  13.2 |      26 |       1 |   3.7
   Spider:2 |   15306 |       0 |   0.0 |      49 |       0 |   0.0
   Spider:3 |   10665 |    2982 |  21.9 |      32 |       5 |  13.5
   Spider:4 |   27927 |   35599 |  56.0 |      61 |      57 |  48.3
      Orc:1 |    5215 |       0 |   0.0 |      33 |       0 |   0.0
      Orc:2 |    3626 |    5515 |  60.3 |      43 |      74 |  63.2
   Vaults:1 |   34870 |   11139 |  24.2 |      61 |      22 |  26.5
   Vaults:2 |   41229 |   26298 |  38.9 |      64 |      30 |  31.9
   Vaults:3 |   15211 |   27327 |  64.2 |      17 |      25 |  59.5
   Vaults:4 |   41111 |   62955 |  60.5 |      72 |      64 |  47.1
    Crypt:1 |   35555 |    7118 |  16.7 |      50 |       5 |   9.1
    Crypt:2 |   17265 |       0 |   0.0 |      20 |       0 |   0.0
   Depths:1 |   47640 |    9927 |  17.2 |      65 |       3 |   4.4
   Depths:2 |   30657 |   57438 |  65.2 |      53 |      63 |  54.3
       Hell |   13533 |   38742 |  74.1 |      16 |      48 |  75.0
    Abyss:1 |   72626 |       0 |   0.0 |     106 |       0 |   0.0
    Abyss:2 |   57647 |       0 |   0.0 |     109 |       0 |   0.0
    Abyss:3 |   39568 |     188 |   0.5 |      45 |       2 |   4.3
    Abyss:4 |   37331 |   19715 |  34.6 |      68 |      18 |  20.9
    Ossuary |       0 |     264 | 100.0 |       0 |      13 | 100.0
      IceCv |       0 |   10300 | 100.0 |       0 |      53 | 100.0
   Gauntlet |       0 |    6405 | 100.0 |       0 |      18 | 100.0
            +---------+---------+-------+---------+---------+-------
